 Dungeon Crawl Stone Soup version 0.30-a0-879-ga8ba668304 (webtiles) character file.

Game seed: 5441058847747021990

534 112233 the Magician (level 7, 0/41 HPs)
             Began as an Octopode Summoner on Mar 14, 2023.
             Was an Initiate of Gozag.
             Slain by an orc priest
             ... wielding a +0 club
              (4 damage)
             ... on level 4 of the Dungeon.
             The game lasted 00:07:23 (4949 turns).

112233 the Magician (Octopode Summoner)             Turns: 4949, Time: 00:07:23

Health: 0/41       AC:  1    Str:  6 (7)  XL:     7   Next: 25%
Magic:  3/17       EV: 13    Int: 18 (20) God:    Gozag
Gold:   310        SH:  0    Dex: 11 (12) Spells: 11/20 levels left

rFire   . . .      SeeInvis .    l - +4 mace
rCold   . . .      Faith    .    (no shield)
rNeg    . . .      Spirit   .    (helmet restricted)
rPois   .          Reflect  .    (no amulet)
rElec   .          Rampage  .    (no ring)
rCorr   .                        (no ring)
Will    .....                    (no ring)
Stlth   +++                      (no ring)
HPRegen 0.26/turn                (no ring)
MPRegen 0.15/turn                (no ring)
                                 (no ring)
                                 (no ring)

@: gold aura, attractive
A: almost no armour, amphibious, 8 rings, camouflage 1, gelatinous body 1,
(nimble swimmer 1), tentacles
a: Renounce Religion, Potion Petition, Call Merchant, Bribe Branch


You were on level 4 of the Dungeon.
You worshipped Gozag.
Gozag was aware of your devotion.
You visited 2 branches of the dungeon, and saw 5 of its levels.

You collected 372 gold pieces.
You paid 62 gold pieces to Gozag.

Inventory:

Hand Weapons
 g - a +0 sling of draining
 l - a +4 mace (weapon)
Magical Staves
 f - a staff of cold
Scrolls
 b - 3 scrolls of noise {unknown}
 c - a scroll of poison {unknown}
 d - 3 scrolls of blinking {unknown}
 e - 2 scrolls of teleportation {unknown}
 h - 2 scrolls of identify {unknown}
 j - a scroll of enchant weapon {unknown}
 k - a scroll of fog {unknown}
 r - a scroll of fear {unknown}
 s - 3 scrolls of magic mapping {unknown}
Potions
 a - 2 potions of magic
 m - a potion of lignification {unknown}
 o - a potion of brilliance {unknown}
 p - a potion of might {unknown}
 q - a potion of degeneration
 t - 2 potions of heal wounds {unknown}


   Skills:
 - Level 2.0 Dodging
 - Level 2.6 Stealth
 + Level 7.1 Spellcasting
 - Level 4.0 Summonings


You had 11 spell levels left.
You knew the following spells:

 Your Spells              Type           Power      Damage    Failure   Level
a - Summon Small Mammal   Summ           80%        N/A       1%          1
b - Call Imp              Summ           20%        N/A       3%          2
c - Call Canine Familiar  Summ           20%        N/A       6%          3
d - Summon Guardian Gole  Hex/Summ       13%        N/A       14%         3

Your spell library contained the following spells:

 Spells                   Type           Power      Damage    Failure   Level
 Beastly Appendage        Tmut           12%        N/A       11%         1
 Freeze                   Ice            24%        1d4       11%         1
 Necrotise                Necr           24%        1d5       11%         1
 Wereblood                Tmut           6%         N/A       16%         2
 Dazzling Flash           Conj/Hex       12%        N/A       32%         3
 Frozen Ramparts          Ice            12%        1d2       32%         3
 Hailstorm                Conj/Ice       6%         3d4       32%         3
 Spider Form              Tmut/Pois      6%         N/A       32%         3
 Vampiric Draining        Necr           6%         2d6       32%         3
 Summon Lightning Spire   Summ/Air       13%        N/A       43%         4
 Iskenderun's Mystic Bla  Conj/Tloc      6%         2d4       71%         4
 Agony                    Necr           6%         N/A       96%         5
 Starburst                Conj/Fire      3%         6d3       100%        6


Dungeon Overview and Level Annotations

Branches:
Dungeon (4/15)             Temple (1/1) D:4

Altars:
Ashenzari
Cheibriados
Dithmenos
Fedhas
Gozag
Hepliaklqana
Makhleb
Nemelex Xobeh
Qazlal
Ru
Trog
Vehumet
Wu Jian
Xom
The Shining One


Innate Abilities, Weirdness & Mutations

You cannot wear most types of armour.
You are amphibious.
You can wear up to eight rings at the same time.
Your skin changes colour to match your surroundings (Stealth+).
Your rubbery body absorbs attacks. (AC +1, EV +1)
((You are camouflaged when in or above water. (Stealth+)))
You have tentacles for arms and can constrict up to eight enemies at once.


Message History

The orc hits you with a +0 club.
The orc priest mumbles some strange prayers to Beogh against you.
Beogh smites you!
Unknown command.
Unknown command.
You swap places.
Your hound bites the orc but does no damage.
The orc barely misses your hound.
The orc priest hits your guardian golem but does no damage.
Unknown command.
Unknown command.
The orc throws a stone.
The stone hits you.
The orc priest hits your guardian golem with a +0 club.
Your hound closely misses the orc.
Unknown command.
Your hound barely misses the orc.
The orc barely misses your white imp.
The orc priest mumbles some strange prayers to Beogh against you.
Beogh smites you!
* * * LOW HITPOINT WARNING * * *
Your white imp closely misses the orc.
Your hound bites the orc.
The orc dies!
Unknown command.
It was a potion of degeneration.
There was something very wrong with that liquid.
You feel weakened.
You feel dopey.
You feel clumsy.
The orc priest hits your guardian golem but does no damage.
Unknown command.
It was a potion of attraction.
You feel attractive to monsters.
Your hound bites the orc priest.
The orc priest hits your guardian golem but does no damage.
Your white imp gestures at the orc priest.
The puff of frost hits the orc priest.
Your hound bites the orc priest.
Your magical contamination has completely faded away.
The orc priest is attracted toward you.
It was a potion of cancellation.
Your magical effects are unravelling.
You feel magically purged. The orc priest hits you with a +0 club.
You die...
Your body crumbles into a pile of gold.

#...........#.############
#.#......##(#.....#.......
####.#########.#.##.##.######
#....#.......#.####.##.####
#.####.####.........##....#
#.####.####......#.....##.#
#[........#....#.#.###.##.###
########.##.#....#<#.#......)..
#........##...@..#.#.#.#.###...
##.##########[#o9#.........#..#
#............#.5ยง.#.#.#.#.#..#
#..############h>...#.#.#.#..#
#..# #............#.#.#..#
#..#######...##.#.....#.#.#..#
#...............#...#<........
##.##########.####.#.#.....#...
#..................#..##.###.##


You could see an orc priest (ally target), a friendly guardian golem (summoned),
a friendly hound (summoned, sheltered) and a friendly white imp (summoned,
sheltered).

Vanquished Creatures
  Robin (D:3)
  A gnoll (D:3)
  An adder (D:3)
  A worm (D:2)
  An orc (D:4)
  2 giant cockroaches
  3 goblins
  2 hobgoblins
  A jackal (D:4)
  2 quokkas (D:2)
  2 ball pythons (D:2)
  A bat (D:1)
  A frilled lizard (D:2)
  2 kobolds
  3 rats
24 creatures vanquished.

Vanquished Creatures (collateral kills)
  A scorpion (D:4)
  A howler monkey (D:3)
  A jelly (D:3)
  A hound (D:4)
  An orc wizard (D:3)
  6 gnolls (D:3)
  5 adders (D:2)
  A dart slug (D:2)
  6 orcs
  6 endoplasms
  A giant cockroach (D:4)
  14 goblins
  5 hobgoblins
  9 jackals
  2 quokkas
  5 ball pythons
  2 bats (D:3)
  5 frilled lizards
  3 kobolds
  2 rats (D:1)
77 creatures vanquished.

Vanquished Creatures (others)
  Menkaure (D:4)
  7 plants (D:4)
8 creatures vanquished.

Grand Total: 109 creatures vanquished

Notes
Turn   | Place    | Note
-------+----------+-------------------------------------------
     0 | D:1      | 112233 the Octopode Summoner began the quest for the Orb.
     0 | D:1      | Reached XP level 1. HP: 11/11 MP: 3/3
   209 | D:1      | Reached XP level 2. HP: 12/17 MP: 1/5
   262 | D:1      | Learned a level 2 spell: Call Imp
   471 | D:1      | Reached skill level 3 in Spellcasting
   666 | D:1      | Reached XP level 3. HP: 21/21 MP: 3/7
  1230 | D:2      | Learned a level 3 spell: Call Canine Familiar
  1616 | D:2      | Learned a level 3 spell: Summon Guardian Golem
  1690 | D:2      | Reached skill level 4 in Spellcasting
  1690 | D:2      | Reached XP level 4. HP: 16/27 MP: 2/10
  2120 | D:2      | Found a faded altar of an unknown god.
  2614 | D:3      | Reached XP level 5. HP: 31/31 MP: 2/11
  2728 | D:3      | Reached skill level 5 in Spellcasting
  2790 | D:3      | Found a stormy altar of Qazlal.
  2950 | D:3      | Reached XP level 6. HP: 36/36 MP: 9/14
  3027 | D:3      | Noticed Robin
  3236 | D:4      | Found a staircase to the Ecumenical Temple.
  3242 | Temple   | Entered the Ecumenical Temple
  3425 | Temple   | Became a worshipper of Gozag Ym Sagoz the Greedy
  3802 | D:3      | Killed Robin
  3803 | D:3      | Reached skill level 6 in Spellcasting
  4312 | D:4      | Noticed Menkaure
  4317 | D:4      | Killed Menkaure
  4328 | D:4      | Reached XP level 7. HP: 41/41 MP: 13/17
  4735 | D:4      | Reached skill level 7 in Spellcasting
  4949 | D:4      | Slain by an orc priest

Illustrated notes

Levels and vault maps discovered:
D:1:      zelgadis_glass_arrival_small, layout_basic
D:2:      layout_loops_cross, nicolae_ecumenical_lake_church,
          minmay_small_reverse_x
D:3:      layout_basic, nicolae_qazlal_general_emergency, uniq_robin
D:4:      layout_basic, minmay_temple_entry_gardened_gates, uniq_menkaure
Temple:   regret_index_temple_generic_petals

Skill      XL: |  1  2  3  4  5  6  7 |
---------------+----------------------+-----
Spellcasting   | 3 4 5 6 7 |  7.1
Dodging        | |  2.0
Stealth        | |  2.6
Summonings     | |  4.0

Action                     |  1- 3 |  4- 6 |  7- 9 || total
---------------------------+-------+-------+-------++-------
  Melee: Unarmed           |    20 |       |       ||    20
         Constrict         |     5 |     4 |     5 ||    14
         Tentacles         |     3 |     5 |     4 ||    12
         Mace              |       |    18 |    14 ||    32
   Fire: Sling             |    10 |    16 |       ||    26
   Cast: Summon Small Mamm |    27 |     3 |       ||    30
         Call Imp          |    18 |    19 |     3 ||    40
         Call Canine Famil |     3 |    20 |     4 ||    27
         Summon Guardian G |       |     4 |     3 ||     7
    Use: Potion            |       |       |     3 ||     3
   Stab: Sleeping          |     2 |       |       ||     2
         Distracted        |       |     1 |     1 ||     2
 Armour: Skin              |     7 |     2 |     1 ||    10
  Dodge: Dodged            |    45 |    29 |    24 ||    98

Table legend: (Time is in decaauts)
 A = Elapsed time spent in this place.
 B = Non-inter-level travel time spent in this place.
 C = Inter-level travel time spent in this place.
 D = Time resting spent in this place.
 E = Time spent auto-exploring this place.
 F = Levels seen in this place.
 G = Mean time per level.
                   A        B        C        D        E       F      G
               +--------+--------+--------+--------+--------+-----+--------+
         Total |   4974 |   4889 |     85 |    634 |   3349 |   5 |  994.8 |
       Dungeon |   4762 |   4713 |     49 |    634 |   3181 |   4 | 1190.5 |
        Temple |    211 |    176 |     35 |      0 |    168 |   1 |  211.0 |
               +--------+--------+--------+--------+--------+-----+--------+

Top non-repeatable levels by time:
     D:2: 1288 daAuts
     D:1: 1220 daAuts
     D:3: 1217 daAuts
     D:4: 1036 daAuts
  Temple: 211 daAuts
